 Dungeon Crawl Stone Soup version 0.29-a0-834-g1e95ca9f62 (webtiles) character file.

Game seed: 7218155600234927188

101 blackman the Slasher (level 5, -1/38 HPs)
             Began as a Human Warper on July 12, 2022.
             Slain by a hound (3 damage)
             ... on level 4 of the Dungeon.
             The game lasted 00:04:13 (3805 turns).

blackman the Slasher (Human Warper)                 Turns: 3805, Time: 00:04:13

Health: -1/38      AC:  4    Str: 13    XL:     5   Next: 4%
Magic:  8/8        EV:  8    Int: 14    God:
Gold:   153        SH:  0    Dex: 12    Spells: 8/8 levels left

rFire   . . .      SeeInvis .   f - +0 double sword
rCold   . . .      Faith    .   (no shield)
rNeg    . . .      Spirit   .   a - +0 leather armour
rPois   .          Reflect  .   q - +0 helmet
rElec   .          Harm     .   (no cloak)
rCorr   .          Rampage  .   (no gloves)
Will    .....                   (no boots)
Stlth   +.........              (no amulet)
HPRegen 0.12/turn               (no ring)
MPRegen 0.11/turn               (no ring)

@: brilliant, constricted
A: no striking features
a: no special abilities


You were on level 4 of the Dungeon.
You visited 1 branch of the dungeon, and saw 4 of its levels.

You collected 153 gold pieces.

Inventory:

Hand Weapons
 f - a +0 double sword (weapon)
Missiles
 c - 7 boomerangs of dispersal (quivered)
 h - a throwing net
Armour
 a - a +0 leather armour (worn)
 q - a +0 helmet (worn)
Jewellery
 p - a +6 ring of intelligence
Wands
 o - a wand of flame (16)
Scrolls
 b - a scroll of blinking
 d - 2 scrolls of teleportation
 e - 4 scrolls of identify
 j - 3 scrolls of enchant armour
 m - a scroll of poison
 r - a scroll of fear {unknown}
Potions
 g - a potion of cancellation
 i - a potion of lignification {unknown}
 k - a potion of flight
 l - a potion of brilliance
 n - a potion of might {unknown}


   Skills:
 - Level 2.0 Fighting
 * Level 3.3 Long Blades
 - Level 1.0 Throwing
 - Level 1.0 Armour
 - Level 2.0 Dodging
 - Level 3.1 Unarmed Combat
 - Level 2.0 Spellcasting
 - Level 3.0 Translocations


You had 8 spell levels left.
You didn't know any spells.
Your spell library contained the following spells:

 Spells                   Type           Power      Damage    Failure   Level
 Blink                    Tloc           28%        N/A       13%         2
 Gell's Gravitas          Tloc           14%        N/A       26%         3
 Lesser Beckoning         Tloc           14%        N/A       26%         3
 Teleport Other           Tloc           14%        N/A       26%         3
 Manifold Assault         Tloc           14%        N/A       94%         5


Dungeon Overview and Level Annotations

Branches:
Dungeon (4/15)
 Temple: D:4-7

Altars:


Message History

You are too injured to fight recklessly!
You are too injured to fight recklessly!
You barely miss the hound. Your punch misses the hound.
The hound bites you but does no damage. The ball python bites you.
The ball python constricts you. The ball python closely misses you.
The hound bites you but does no damage.
The ball python bites you but does no damage.
The ball python constricts you. The ball python bites you.
You miss the hound. The hound bites you but does no damage.
The ball python bites you. The ball python constricts you.
The hound barely misses you. The ball python barely misses you.
You slash the hound!
The hound is severely wounded.
The hound barely misses you. The ball python barely misses you.
The ball python constricts you.
The ball python bites you but does no damage.
The hound bites you.
* * * LOW HITPOINT WARNING * * *
The ball python bites you.
* * * LOW HITPOINT WARNING * * *
The ball python constricts you.
* * * LOW HITPOINT WARNING * * *
The ball python bites you.
* * * LOW HITPOINT WARNING * * *
It was a potion of flight.
You feel very buoyant.
You fly up into the air.
The hound barely misses you. The ball python completely misses you.
The ball python constricts you. The ball python closely misses you.
The hound bites you.
* * * LOW HITPOINT WARNING * * *
It was a potion of cancellation.
Your magical effects are unravelling.
You feel magically purged.
You float gracefully downwards.
The ball python bites you but does no damage.
The ball python constricts you. The ball python barely misses you.
The hound barely misses you.
It was a potion of brilliance.
You feel clever all of a sudden. The hound bites you.
You die...

.........###
...........## .#
............##.#
.............#.# #.
..............# #.#
..............## #.#
......SS.......###.#
......h@.......#..#
....(....).......#
.................##
..................##
...................##
....................#
....................#
..................<.#
..................#


You could see a hound and 2 ball pythons.

Vanquished Creatures
  4 adders
  3 dart slugs
  6 bats
  6 endoplasms
  A giant cockroach (D:1)
  6 goblins
  8 hobgoblins
  4 quokkas
  5 ball pythons
  4 frilled lizards (D:1)
  4 kobolds
  7 rats
58 creatures vanquished.

Notes
Turn   | Place    | Note
-------+----------+-------------------------------------------
     0 | D:1      | blackman the Human Warper began the quest for the Orb.
     0 | D:1      | Reached XP level 1. HP: 16/16 MP: 3/3
   113 | D:1      | Reached XP level 2. HP: 6/22 MP: 5/5
   932 | D:1      | Reached XP level 3. HP: 25/27 MP: 6/6
  1019 | D:1      | Reached skill level 1 in Long Blades
  2002 | D:2      | Reached XP level 4. HP: 23/33 MP: 7/7
  3487 | D:3      | Reached XP level 5. HP: 12/38 MP: 8/8
  3805 | D:4      | Slain by a hound

Illustrated notes

Levels and vault maps discovered:
D:1:      evilmike_arrival_crescent, layout_loops_corners, minmay_tetromino_s4
D:2:      layout_basic, kennysheep_nondescript, dk_noncrumbling_2
D:3:      layout_rooms
D:4:      layout_layer_cave, minmay_door_square, minmay_misc_feat_four_crosses

Skill      XL: |  1  2  3  4 |
---------------+-------------+-----
Unarmed Combat | 3 |  3.1
Long Blades    | 2 3 |  3.3
Fighting       | |  2.0
Throwing       | |  1.0
Armour         | |  1.0
Dodging        | |  2.0
Spellcasting   | |  2.0
Translocations | |  3.0

Action                   |  1- 3 |  4- 6 || total
-------------------------+-------+-------++-------
Melee: Unarmed           |    55 |       ||    55
       Double sword      |    46 |    82 ||   128
       Punch             |     3 |       ||     3
  Use: Scroll            |     2 |     1 ||     3
       Potion            |       |     3 ||     3
 Stab: Sleeping          |       |     2 ||     2
Armor: Leather armour    |    30 |    39 ||    69
Dodge: Dodged            |    70 |    64 ||   134

Table legend: (Time is in decaauts)
 A = Elapsed time spent in this place.
 B = Non-inter-level travel time spent in this place.
 C = Inter-level travel time spent in this place.
 D = Time resting spent in this place.
 E = Time spent auto-exploring this place.
 F = Levels seen in this place.
 G = Mean time per level.
                   A        B        C        D        E       F      G
               +--------+--------+--------+--------+--------+-----+--------+
         Total |   3850 |   3750 |    100 |    965 |   2342 |   4 |  962.5 |
       Dungeon |   3850 |   3750 |    100 |    965 |   2342 |   4 |  962.5 |
               +--------+--------+--------+--------+--------+-----+--------+

Top non-repeatable levels by time:
     D:1: 1979 daAuts
     D:2: 1002 daAuts
     D:3: 816 daAuts
     D:4: 51 daAuts
